 Dungeon Crawl Stone Soup version 0.27.1-4-g1640c2035a (webtiles) character file.

Game seed: 2604286279407233310

117 lonewolfV2 the Grasshopper (level 5, -1/42 HPs)
             Began as a Ghoul Warper on Nov 16, 2021.
             Was a Believer of Yredelemnul.
             Slain by Menkaure (12 damage)
             ... on level 4 of the Dungeon.
             The game lasted 00:22:26 (4029 turns).

lonewolfV2 the Grasshopper (Ghoul Warper)           Turns: 4029, Time: 00:22:26

Health: -1/42      AC:  3    Str: 15    XL:     5   Next: 1%
Magic:  5/7        EV: 11    Int:  8    God:    Yredelemnul [**....]
Gold:   88         SH:  0    Dex:  9    Spells: 3/8 levels left

rFire    + . .     SeeInvis .   k - +2 spear (venom)
rCold    + . .     Faith    .   (no shield)
rNeg     + + +     Spirit   .   a - +0 leather armour
rPois    ∞         Reflect  .   (no helmet)
rElec    .         Harm     .   (no cloak)
rCorr    .         Rampage  .   (no gloves)
Will     .....                  (no boots)
Stlth    +.........             (no amulet)
HPRegen  0.00/turn              j - ring of protection from fire
MPRegen  0.10/turn              (no ring)

@: inhibited regen
A: claws 1, cold resistance 1, negative energy resistance 3, inhibited
regeneration, torment resistance 2
a: Renounce Religion, Animate Remains, Recall Undead Slaves, Injury Mirror


You were on level 4 of the Dungeon.
You worshipped Yredelemnul.
Yredelemnul was pleased with you.
You visited 1 branch of the dungeon, and saw 4 of its levels.

You collected 148 gold pieces.
You spent 60 gold pieces at shops.

Inventory:

Hand Weapons
 k - a +2 spear of venom (weapon)
Missiles
 c - 4 boomerangs of dispersal (quivered)
Armour
 a - a +0 leather armour (worn)
Jewellery
 j - a ring of protection from fire (left claw)
Scrolls
 b - 4 scrolls of blinking
 i - a scroll of enchant weapon
 l - a scroll of silence
 m - a scroll of noise
Potions
 d - a potion of haste
 e - a potion of mutation
 n - a potion of lignification


   Skills:
 + Level 2.5 Fighting
 + Level 1.2 Polearms
 + Level 0.8 Throwing
 + Level 1.7 Armour
 + Level 2.2 Dodging
 + Level 0.6 Stealth
 + Level 2.7 Unarmed Combat
 + Level 2.1 Spellcasting
 + Level 3.3 Translocations
 + Level 0.2 Air Magic


You had 3 spell levels left.
You knew the following spells:

 Your Spells              Type           Power      Damage    Failure   Level
a - Blink                 Tloc           N/A        N/A       17%         2
b - Lesser Beckoning      Tloc           3%         N/A       32%         3

Your spell library contained the following spells:

 Spells                   Type           Power      Damage    Failure   Level
 Gell's Gravitas          Tloc           3%         N/A       32%         3
 Teleport Other           Tloc           6%         N/A       32%         3
 Corpse Rot               Necr/Air       N/A        N/A       54%         2
 Poisonous Vapours        Pois/Air       2%         N/A       54%         2
 Manifold Assault         Tloc           6%         N/A       97%         5
 Freezing Cloud           Conj/Ice/Air   0%         6-21      100%        5


Dungeon Overview and Level Annotations

Branches:
Dungeon (4/15)
 Temple: D:4-7

Altars:
Dithmenos
Yredelemnul

Shops:
D:2 =??

Annotations:
D:4 Menkaure


Innate Abilities, Weirdness & Mutations

You thrive by killing the living.
You are immune to poison.
You have sharp fingernails.
Your flesh is cold resistant. (rC+)
You are immune to negative energy. (rN+++)
You do not regenerate when monsters are visible.
You are immune to unholy pain and torment.


Message History

You can't memorise that many levels of magic yet!
Okay, then.
Done exploring.
Done exploring.
There is a stone staircase leading down here.
You climb downwards.
There is a stone staircase leading up here.
Menkaure, Prince of Dust comes into view.
Menkaure shouts!
Menkaure gestures wildly while chanting.
Menkaure seems to speed up.
A hound comes into view.
Reach: k) +2 spear (venom)
Press: ? - help, Dir - move target, f - Menkaure
Aim: Menkaure (fast, about 25% to evade your +2 spear of venom)
You reach to attack!
The hound barks!
You hit Menkaure.
Menkaure is moderately damaged.
A giant cockroach comes into view.
Reach: k) +2 spear (venom)
Press: ? - help, Dir - move target, f/p - Menkaure
Aim: Menkaure (moderately damaged, fast, about 25% to evade your +2 spear of venom)
You hit Menkaure but do no damage.
Menkaure is moderately damaged.
Menkaure hits you! Menkaure hits you.
You closely miss Menkaure.
Menkaure is moderately damaged.
Menkaure hits you!
You feel better. Menkaure hits you!
* * * LOW HITPOINT WARNING * * *
You feel much better. Menkaure barely misses you.
Casting: Blink (safe; 17% risk of failure)
Confirm with . or Enter, or press ? or * to list all spells.
You blink.
Menkaure hits you!
* * * LOW HITPOINT WARNING * * *
Menkaure hits you!
You die...
Yredelemnul claims you as an undead slave.

#....####
#.#.....#
#.#####.###
#....#<...#
####.#..#.#
#.#.##.#
#.#.. #
#.### #
#.@.#
≈.###.###M#
≈......h..#
≈..########


You could see Menkaure (fast).

Vanquished Creatures
  An orc wizard (D:3)
  2 adders (D:2)
  3 worms
  10 orcs (D:3)
  9 ball pythons
  5 bats
  5 endoplasms
  3 goblins
  2 hobgoblins (D:3)
  A quokka (D:1)
  6 frilled lizards
  4 kobolds
  7 rats
58 creatures vanquished.

Notes
Turn   | Place    | Note
-------+----------+-------------------------------------------
     0 | D:1      | lonewolfV2 the Ghoul Warper began the quest for the Orb.
     0 | D:1      | Reached XP level 1. HP: 17/17 MP: 2/2
   206 | D:1      | Found a faded altar of an unknown god.
   227 | D:1      | Became a worshipper of Yredelemnul the Dark
   227 | D:1      | Reached * piety under Yredelemnul
   313 | D:1      | Reached skill level 1 in Armour
   448 | D:1      | Reached XP level 2. HP: 25/25 MP: 3/3
   451 | D:1      | Learned a level 2 spell: Blink
   471 | D:1      | Reached skill level 3 in Translocations
   792 | D:1      | Learned a level 2 spell: Corpse Rot
  1260 | D:2      | Found Datiup's Jewellery Boutique.
  1298 | D:2      | Reached XP level 3. HP: 16/30 MP: 3/5
  1384 | D:2      | Learned a level 3 spell: Lesser Beckoning
  1532 | D:2      | Found Cidygan's Magic Scroll Shoppe.
  1536 | D:2      | Bought a scroll of identify for 20 gold pieces
  1536 | D:2      | Bought a scroll of identify for 20 gold pieces
  1536 | D:2      | Bought a scroll of identify for 20 gold pieces
  2287 | D:2      | Found Amumipuu's Magic Scroll Shoppe.
  2658 | D:3      | Reached XP level 4. HP: 27/37 MP: 6/6
  2900 | D:3      | Found a shadowy altar of Dithmenos.
  2966 | D:3      | Reached skill level 1 in Polearms
  3117 | D:3      | Reached ** piety under Yredelemnul
  3710 | D:3      | Reached XP level 5. HP: 42/42 MP: 2/7
  4017 | D:4      | Noticed Menkaure
  4029 | D:4      | Slain by Menkaure

Illustrated notes

Levels and vault maps discovered:
D:1:      scummos_arrival_gate, layout_basic,
          shapermc_ecumenical_altar_totnotflames
D:2:      layout_basic, serial_shops, shop, nicolae_shop_behind_doors, shop,
          kennysheep_cross_bottleneck, minmay_three_crescents
D:3:      layout_loops_ring, mainiacjoe_overflow_tiny_flanked,
          minmay_misc_feat_roman, minivault_24, hangedman_glass_teeth
D:4:      layout_basic, tgw_sif, grunt_decor_junction, minmay_close_crescents,
          uniq_menkaure, uniq_robin

Skill      XL: |  1  2  3  4 |
---------------+-------------+-----
Armour         | 1 |  1.7
Translocations | 3 |  3.3
Dodging        | 2 |  2.2
Spellcasting   | 2 |  2.1
Polearms       | 1 |  1.2
Fighting       | |  2.5
Throwing       | |  0.8
Stealth        | |  0.6
Unarmed Combat | |  2.7
Air Magic      | |  0.2

Action                   |  1- 3 |  4- 6 || total
-------------------------+-------+-------++-------
Melee: Unarmed           |    93 |       ||    93
       Spear             |    34 |    67 ||   101
Throw: Boomerang         |     1 |       ||     1
 Cast: Blink             |    10 |     3 ||    13
       Corpse Rot        |     1 |       ||     1
       Lesser Beckoning  |     4 |     1 ||     5
  Use: Scroll            |     3 |     6 ||     9
       Potion            |     1 |     3 ||     4
Armor: Leather armour    |    74 |    10 ||    84
Dodge: Dodged            |   131 |    20 ||   151
